Cogmind - Beta 15 @@@ ROGUE MODE // 2025.08.06 @ 16:16:45 Player: erkyp3rky Result: Destroyed by S-43 Plague with Heavy Machine Gun Performance ------------- Evolutions (8) 4000 Regions Visited (15) 3000 Robots Destroyed (0) 0 Value Destroyed (10) 10 Prototype IDs (0) 0 Alien Tech Used (0) 0 Bonus (6811) 6811 TOTAL SCORE: 13821 Bonus ------- Pacifist 5511 Entered DSFs 1000 Aligned with FarCom 300 Cogmind --------- Core Integrity 0/1450 Matter 257/300 Energy 99/100 System Corruption 0% Temperature Cool (0) Movement Core (50) Location -2/Research Parts ------- > --- POWER (1) -------- (None) > --- PROPULSION (2) --- (None) > --- UTILITY (18) ----- (None) > --- WEAPON (2) ------- (None) > --- INVENTORY (5) ---- Micro Antimatter Reactor Advanced Signal Interpreter Advanced Terrain Scan Processor Micro-nuke Launcher Lance Peak State ------------ > --- POWER ------------ (None) > --- PROPULSION ------- (None) > --- UTILITY ---------- Advanced Sensor Array Advanced Signal Interpreter > --- WEAPON ----------- Lance > --- INVENTORY -------- Micro Antimatter Reactor Advanced Signal Interpreter Advanced Terrain Scan Processor Micro-nuke Launcher Micro-nuke Launcher [Rating: 19] Favorites ----------- Power Micro Nuclear Core Power Core Micro Nuclear Core Propulsion None Utility Advanced Signal Interpreter Device Advanced Sensor Array Processor Advanced Signal Interpreter Protection Layered Medium Armor Plating Weapon Chainsword Launcher Micro-nuke Launcher Slashing Weapon Chainsword Piercing Weapon Lance Build | -11 -10 -10 -10 -9 -8 -7 -7 -6 -6 -6 -5 -5 -4 -3 -2 ------- Run | Yrd Mat Min Exi Min Mat Fac DSF Fac Low Low Fac DSF Fac Res Res Slots Evolved 16 | . . . . . 4 2 . 2 . . 2 . 2 2 2 Power . | . . . . . . . . . . . . . . . . Propulsion . | . . . . . . . . . . . . . . . . Utility 16 | . . . . . 4 2 . 2 . . 2 . 2 2 2 Weapon . | . . . . . . . . . . . . . . . . Parts Attached 10 | . . . . . 1 . 2 1 . . . . . 6 . Power 1 | . . . . . . . 1 . . . . . . . . Engine . | . . . . . . . . . . . . . . . . Core 1 | . . . . . . . 1 . . . . . . . . Reactor . | . . . . . . . . . . . . . . . . Propulsion . | . . . . . . . . . . . . . . . . Treads . | . . . . . . . . . . . . . . . . Leg . | . . . . . . . . . . . . . . . . Wheel . | . . . . . . . . . . . . . . . . Hover . | . . . . . . . . . . . . . . . . Flight . | . . . . . . . . . . . . . . . . Utility 3 | . . . . . . . 1 . . . . . . 2 . Device 1 | . . . . . . . . . . . . . . 1 . Storage . | . . . . . . . . . . . . . . . . Processor 1 | . . . . . . . . . . . . . . 1 . Hackware . | . . . . . . . . . . . . . . . . Protection 1 | . . . . . . . 1 . . . . . . . . Artifact . | . . . . . . . . . . . . . . . . Weapon 6 | . . . . . 1 . . 1 . . . . . 4 . Energy Gun . | . . . . . . . . . . . . . . . . Energy Cannon . | . . . . . . . . . . . . . . . . Ballistic Gun . | . . . . . . . . . . . . . . . . Ballistic Cannon . | . . . . . . . . . . . . . . . . Launcher 3 | . . . . . . . . . . . . . . 3 . Special Weapon . | . . . . . . . . . . . . . . . . Impact Weapon . | . . . . . . . . . . . . . . . . Slashing Weapon 2 | . . . . . 1 . . 1 . . . . . . . Piercing Weapon 1 | . . . . . . . . . . . . . . 1 . Special Melee Weapon . | . . . . . . . . . . . . . . . . Unidentified Prototypes . | . . . . . . . . . . . . . . . . Parts Lost 5 | . . . . . . . 2 . 1 . . . . 1 1 Power 1 | . . . . . . . 1 . . . . . . . . Propulsion . | . . . . . . . . . . . . . . . . Utility 1 | . . . . . . . . . . . . . . . 1 Weapon 3 | . . . . . . . 1 . 1 . . . . 1 . Highest Loss Streak 2 | . . . . . . . 2 . 1 . . . . 1 1 To Critical Strikes . | . . . . . . . . . . . . . . . . Average Backups 3 | 1 3 3 3 3 3 3 3 3 2 2 2 3 3 4 5 Power . | . 1 1 1 1 1 1 1 1 . . . 1 1 1 1 Propulsion . | . . . . . . . . . . . . . . . . Utility 1 | . . . . . . . . . 1 2 2 2 2 2 2 Weapon 1 | 1 2 2 2 2 2 2 2 2 . . . . . . 2 Tool/Special . | . . . . . . . . . . . . . . . . Unused Backups 9 | . . . . . . . . . 3 . . . . 3 3 Power 4 | . . . . . . . . . 1 . . . . 2 1 Propulsion . | . . . . . . . . . . . . . . . . Utility 3 | . . . . . . . . . . . . . . 1 2 Weapon 2 | . . . . . . . . . 2 . . . . . . Tool/Special . | . . . . . . . . . . . . . . . . Average Slot Usage (%) 1 | . . . . . . 7 11 . 2 . . . . 2 5 Peak Build Rating 19 | . . . . . 3 3 7 4 4 . 1 1 1 19 13 Average Rating 2 | . . . . . . 3 5 . 1 . . 1 1 6 10 On Entrance 1 | . . . . . . 3 3 . 4 . . 1 1 1 13 Naked Turns 1571 | . 25 93 77 60 133 . 11 427 147 12 11 60 296 205 14 Heaviest Build 14 | . . . . . 2 2 8 3 3 . . . . 14 1 Greatest Support 3 | 3 3 3 3 3 3 3 3 3 3 3 3 3 3 3 3 Greatest Overweight (x) 4 | . . . . . . . 2 . . . . . . 4 . Average Overweight (x) . | . . . . . . . 1 . . . . . . . . Largest Inventory Capacity 5 | 5 5 5 5 5 5 5 5 5 5 5 5 5 5 5 5 Average Capacity 5 | 5 5 5 5 5 5 5 5 5 5 5 5 5 5 5 5 Most Carried 5 | 3 3 3 3 3 4 3 3 4 3 2 3 3 3 5 5 Average Carried 3 | 2 3 3 3 3 3 3 3 3 2 2 2 3 3 4 5 Final Capacity 5 | 5 5 5 5 5 5 5 5 5 5 5 5 5 5 5 5 Final Carried 5 | 3 3 3 3 3 3 3 3 3 2 2 3 3 3 5 5 Class Distribution -------------------- 94% | Mutant 5% | Scout Dominant Class ---------------- Mutant | -10/Materials Mutant | -10/Mines Mutant | -10/Exiles Mutant | -9/Mines Mutant | -8/Materials Mutant | -7/Factory Mutant | -7/DSF Mutant | -6/Factory Mutant | -6/Lower Caves Mutant | -6/Lower Caves Mutant | -5/Factory Mutant | -5/DSF Mutant | -4/Factory Mutant | -3/Research Mutant | -2/Research Resources | -11 -10 -10 -10 -9 -8 -7 -7 -6 -6 -6 -5 -5 -4 -3 -2 ----------- Run | Yrd Mat Min Exi Min Mat Fac DSF Fac Low Low Fac DSF Fac Res Res Matter Collected 229 | 109 . . . 54 . . 7 . 55 . . . . . 4 Remotely . | . . . . . . . . . . . . . . . . Salvage Created . | . . . . . . . . . . . . . . . . Parts . | . . . . . . . . . . . . . . . . Haulers Intercepted . | . . . . . . . . . . . . . . . . Recyclers Shooed . | . . . . . . . . . . . . . . . . Parts Field Recycled . | . . . . . . . . . . . . . . . . Retrieved Matter . | . . . . . . . . . . . . . . . . Parts Self-Destructed 4 | . . . . . . . . . 4 . . . . . . Prevented . | . . . . . . . . . . . . . . . . Kills | -11 -10 -10 -10 -9 -8 -7 -7 -6 -6 -6 -5 -5 -4 -3 -2 ------- Run | Yrd Mat Min Exi Min Mat Fac DSF Fac Low Low Fac DSF Fac Res Res Combat Hostiles Destroyed . | . . . . . . . . . . . . . . . . Classes Destroyed . | . . . . . . . . . . . . . . . . Best Kill Streak . | . . . . . . . . . . . . . . . . Combat Bots Only . | . . . . . . . . . . . . . . . . Max Kills in Single Turn . | . . . . . . . . . . . . . . . . Gunslinging . | . . . . . . . . . . . . . . . . Exploded . | . . . . . . . . . . . . . . . . Melee . | . . . . . . . . . . . . . . . . Uniques/NPCs Destroyed . | . . . . . . . . . . . . . . . . Combat | -11 -10 -10 -10 -9 -8 -7 -7 -6 -6 -6 -5 -5 -4 -3 -2 -------- Run | Yrd Mat Min Exi Min Mat Fac DSF Fac Low Low Fac DSF Fac Res Res Hostile Shots Fired 388 | . . . . . 3 . 93 . 40 3 . 49 55 45 100 Missed 164 | . . . . . 1 . 46 . 15 2 . 15 26 17 42 Hits 224 | . . . . . 2 . 47 . 25 1 . 34 29 28 58 Melee 8 | . . . . . . . . . . . . 8 . . . Projectile 216 | . . . . . 2 . 47 . 25 1 . 26 29 28 58 AOE 3 | . . . . . . . . . . . . 3 . . . Critical Strikes 9 | . . . . . . . 1 . . . . 3 4 . 1 Damage Taken 4694 | . . . . . 34 . 670 . 323 20 . 985 604 567 1491 Core 4279 | . . . . . 21 . 522 . 249 20 . 985 604 415 1463 Absorbed by Shields 78 | . . . . . . . . . . . . 78 . . . Core Remaining (%) 63 | 100 . . . 100 96 . 25 . . 68 . 1 47 68 . Volleys Fired . | . . . . . . . . . . . . . . . . Largest . | . . . . . . . . . . . . . . . . Hottest . | . . . . . . . . . . . . . . . . Shots Fired . | . . . . . . . . . . . . . . . . Gun . | . . . . . . . . . . . . . . . . Cannon . | . . . . . . . . . . . . . . . . Launcher . | . . . . . . . . . . . . . . . . Special . | . . . . . . . . . . . . . . . . Kinetic . | . . . . . . . . . . . . . . . . Thermal . | . . . . . . . . . . . . . . . . Explosive . | . . . . . . . . . . . . . . . . Electromagnetic . | . . . . . . . . . . . . . . . . Robot Hit Streak . | . . . . . . . . . . . . . . . . Robot Miss Streak . | . . . . . . . . . . . . . . . . Penetration Max . | . . . . . . . . . . . . . . . . Secondary Targets . | . . . . . . . . . . . . . . . . Shots Hit Robots . | . . . . . . . . . . . . . . . . Core Hits 1 | . . . . . . . . . . . . . . . 1 Critical Kills . | . . . . . . . . . . . . . . . . Critical Parts Destroyed . | . . . . . . . . . . . . . . . . Critical Strikes . | . . . . . . . . . . . . . . . . Melee Attacks 12 | . . . . . 1 . . 1 . . . . . 10 . Impact . | . . . . . . . . . . . . . . . . Slashing 2 | . . . . . 1 . . 1 . . . . . . . Piercing 10 | . . . . . . . . . . . . . . 10 . Sneak Attacks . | . . . . . . . . . . . . . . . . Combat Hostiles . | . . . . . . . . . . . . . . . . Follow-up Attacks . | . . . . . . . . . . . . . . . . Damage Inflicted 23 | . . . . . 5 . . . . . . . 12 . 6 Guns . | . . . . . . . . . . . . . . . . Cannons . | . . . . . . . . . . . . . . . . Explosions . | . . . . . . . . . . . . . . . . Melee . | . . . . . . . . . . . . . . . . Ramming 23 | . . . . . 5 . . . . . . . 12 . 6 Kinetic . | . . . . . . . . . . . . . . . . Thermal . | . . . . . . . . . . . . . . . . Explosive . | . . . . . . . . . . . . . . . . Electromagnetic . | . . . . . . . . . . . . . . . . Impact . | . . . . . . . . . . . . . . . . Slashing . | . . . . . . . . . . . . . . . . Piercing . | . . . . . . . . . . . . . . . . Highest Corruption 3 | . . . . . . . . . . . . . 3 . . Average Corruption 1 | . . . . . . . . . . . . . 1 . . Corruption Purged . | . . . . . . . . . . . . . . . . Corruption Blocked . | . . . . . . . . . . . . . . . . Overload Shots . | . . . . . . . . . . . . . . . . Overflow Damage . | . . . . . . . . . . . . . . . . Projectiles . | . . . . . . . . . . . . . . . . Explosions . | . . . . . . . . . . . . . . . . Melee . | . . . . . . . . . . . . . . . . Knockbacks 2 | . . . . . 1 . . . . . . . 1 . . Impact 2 | . . . . . 1 . . . . . . . 1 . . Kinetic . | . . . . . . . . . . . . . . . . Secondary . | . . . . . . . . . . . . . . . . Self-Inflicted Damage 10 | . . . . . 2 . . . . . . . 5 . 3 Shots . | . . . . . . . . . . . . . . . . Rammed 5 | . . . . . 2 . . . . . . . 2 . 1 Targets Rammed 5 | . . . . . 2 . . . . . . . 2 . 1 Kicked . | . . . . . . . . . . . . . . . . Crushed . | . . . . . . . . . . . . . . . . Highest Temperature . | . . . . . . . . . . . . . . . . Average Temperature . | . . . . . . . . . . . . . . . . Received Heat Transfer 504 | . . . . . 18 . 78 . 30 9 . 82 176 75 36 Siege Activations . | . . . . . . . . . . . . . . . . Martial Activations . | . . . . . . . . . . . . . . . . Shielding Activations . | . . . . . . . . . . . . . . . . Robots Disrupted . | . . . . . . . . . . . . . . . . Combat Hostiles . | . . . . . . . . . . . . . . . . Robots Corrupted . | . . . . . . . . . . . . . . . . Combat Hostiles . | . . . . . . . . . . . . . . . . Parts Fried . | . . . . . . . . . . . . . . . . Impact Corruptions . | . . . . . . . . . . . . . . . . Robots Melted . | . . . . . . . . . . . . . . . . Combat Hostiles . | . . . . . . . . . . . . . . . . Parts Melted . | . . . . . . . . . . . . . . . . Heat Transferred . | . . . . . . . . . . . . . . . . Parts Sabotaged . | . . . . . . . . . . . . . . . . Parts Stolen . | . . . . . . . . . . . . . . . . Parts Stripped . | . . . . . . . . . . . . . . . . Power Chain Reactions . | . . . . . . . . . . . . . . . . Alert | -11 -10 -10 -10 -9 -8 -7 -7 -6 -6 -6 -5 -5 -4 -3 -2 ------- Run | Yrd Mat Min Exi Min Mat Fac DSF Fac Low Low Fac DSF Fac Res Res Maximum Alert Level . | . . . . . . . . . . . . . . . . Low Security (%) 100 | 100 100 100 . 100 100 100 100 100 . . 100 100 100 100 100 Level 1 . | . . . . . . . . . . . . . . . . Level 2 . | . . . . . . . . . . . . . . . . Level 3 . | . . . . . . . . . . . . . . . . Level 4 . | . . . . . . . . . . . . . . . . Level 5 . | . . . . . . . . . . . . . . . . High Security . | . . . . . . . . . . . . . . . . Max Security . | . . . . . . . . . . . . . . . . Peak Influence 100 | . . . . . 31 14 13 1 . . 16 26 91 100 56 Initial 56 | . . . . . . 14 13 . . . 16 11 13 21 56 Average 11 | . . . . . 1 14 10 . . . 16 16 25 16 29 Influence Increases 520 | . . . . . 31 5 . 1 135 . . 15 91 212 30 Successful Hack 37 | . . . . . . 5 . . . . . . 16 16 . Disable Machine 15 | . . . . . . . . . . . . . . 15 . Destroy Structure 18 | . . . . . 1 . . 1 . . . . . 16 . Partial Spotted 15 | . . . . . . . . . . . . . 15 . . Lose Combat Pursuer 435 | . . . . . 30 . . . 135 . . 15 60 165 30 Influence Decreases 490 | . . . . . . 17 19 1 100 8 11 5 76 153 100 Entered New Map 124 | . . . . . . 17 6 . . 8 11 5 13 20 44 Time Decay 319 | . . . . . . . . 1 90 . . . 63 119 46 Lost Part 37 | . . . . . . . 13 . 10 . . . . 4 10 Lost Ally 10 | . . . . . . . . . . . . . . 10 . Squads Dispatched 9 | . . . . . . . . 2 . . . 1 2 2 2 Investigation 1 | . . . . . . . . . . . . . . 1 . Extermination 4 | . . . . . . . . 1 . . . . 1 1 1 Reinforcement 4 | . . . . . . . . 1 . . . 1 1 . 1 Assault . | . . . . . . . . . . . . . . . . Garrison . | . . . . . . . . . . . . . . . . Intercept . | . . . . . . . . . . . . . . . . Searches Triggered . | . . . . . . . . . . . . . . . . Construction Impeded 1 | . . . . . . . . . . . . . . . 1 Haulers Reinforced . | . . . . . . . . . . . . . . . . Active Scanning Responses . | . . . . . . . . . . . . . . . . Cargo Convoy Interrupts . | . . . . . . . . . . . . . . . . Stealth | -11 -10 -10 -10 -9 -8 -7 -7 -6 -6 -6 -5 -5 -4 -3 -2 --------- Run | Yrd Mat Min Exi Min Mat Fac DSF Fac Low Low Fac DSF Fac Res Res Distress Signals 4 | . . . . . 1 . . . . . . . 1 . 2 Communications Jammed . | . . . . . . . . . . . . . . . . Distress Signals . | . . . . . . . . . . . . . . . . Times Spotted 83 | . . . . . 8 . 3 2 10 3 . 6 13 15 23 Peak Tracking Total 21 | . . . . . 9 . 3 1 5 3 . 5 8 7 21 Tactical Retreats 14 | . . . . . 1 . . . 5 . . 1 1 5 1 Traps | -11 -10 -10 -10 -9 -8 -7 -7 -6 -6 -6 -5 -5 -4 -3 -2 ------- Run | Yrd Mat Min Exi Min Mat Fac DSF Fac Low Low Fac DSF Fac Res Res Traps Triggered 10 | . . . . . . . 2 2 . . . 2 . 2 2 Indirectly . | . . . . . . . . . . . . . . . . Trap Hack Attempts . | . . . . . . . . . . . . . . . . Triggered . | . . . . . . . . . . . . . . . . Disarmed . | . . . . . . . . . . . . . . . . Reprogrammed . | . . . . . . . . . . . . . . . . Reused . | . . . . . . . . . . . . . . . . Traps Extracted . | . . . . . . . . . . . . . . . . Installed . | . . . . . . . . . . . . . . . . Triggered . | . . . . . . . . . . . . . . . . Machines | -11 -10 -10 -10 -9 -8 -7 -7 -6 -6 -6 -5 -5 -4 -3 -2 ---------- Run | Yrd Mat Min Exi Min Mat Fac DSF Fac Low Low Fac DSF Fac Res Res Machines Disabled 1 | . . . . . . . . . . . . . . 1 . Max in Single Turn 1 | . . . . . . . . . . . . . . 1 . Machines Repaired . | . . . . . . . . . . . . . . . . Machines Dismantled . | . . . . . . . . . . . . . . . . Machines Sabotaged . | . . . . . . . . . . . . . . . . Overloaded Fab Kills . | . . . . . . . . . . . . . . . . Hacking | -11 -10 -10 -10 -9 -8 -7 -7 -6 -6 -6 -5 -5 -4 -3 -2 --------- Run | Yrd Mat Min Exi Min Mat Fac DSF Fac Low Low Fac DSF Fac Res Res Machines Accessed 10 | . . . . . . 1 . 2 . . 1 . 4 2 . Terminals 10 | . . . . . . 1 . 2 . . 1 . 4 2 . Fabricators . | . . . . . . . . . . . . . . . . Repair Stations . | . . . . . . . . . . . . . . . . Recycling Units . | . . . . . . . . . . . . . . . . Scanalyzers . | . . . . . . . . . . . . . . . . Garrison Access . | . . . . . . . . . . . . . . . . Total Hacks 14 | . . . . . . 2 . 2 . . 2 . 5 3 . Successful 7 | . . . . . . 1 . 1 . . 1 . 3 1 . Failed 7 | . . . . . . 1 . 1 . . 1 . 2 2 . Catastrophic 2 | . . . . . . . . 1 . . . . . 1 . Database Lockouts . | . . . . . . . . . . . . . . . . Manual 4 | . . . . . . . . . . . . . 1 3 . Terminals 14 | . . . . . . 2 . 2 . . 2 . 5 3 . Fabricators . | . . . . . . . . . . . . . . . . Repair Stations . | . . . . . . . . . . . . . . . . Recycling Units . | . . . . . . . . . . . . . . . . Scanalyzers . | . . . . . . . . . . . . . . . . Garrison Access . | . . . . . . . . . . . . . . . . Terminal Hacks 6 | . . . . . . 1 . 1 . . 1 . 3 . . Open DSF 5 | . . . . . . 1 . 1 . . 1 . 2 . . Branch Access Points 1 | . . . . . . . . . . . . . 1 . . Fabricator Hacks . | . . . . . . . . . . . . . . . . Repair Station Hacks . | . . . . . . . . . . . . . . . . Recycling Unit Hacks . | . . . . . . . . . . . . . . . . Scanalyzer . | . . . . . . . . . . . . . . . . Garrison Access Hacks . | . . . . . . . . . . . . . . . . Unauthorized Hacks 1 | . . . . . . . . . . . . . . 1 . Terminals 1 | . . . . . . . . . . . . . . 1 . Assimilate 1 | . . . . . . . . . . . . . . 1 . Fabricators . | . . . . . . . . . . . . . . . . Repair Stations . | . . . . . . . . . . . . . . . . Recycling Units . | . . . . . . . . . . . . . . . . Scanalyzers . | . . . . . . . . . . . . . . . . Garrison Access . | . . . . . . . . . . . . . . . . Data Cores Recovered . | . . . . . . . . . . . . . . . . Used . | . . . . . . . . . . . . . . . . Hacking Detections 5 | . . . . . . . . 1 . . . . 2 2 . Full Trace Events . | . . . . . . . . . . . . . . . . Feedback Events . | . . . . . . . . . . . . . . . . Feedback Blocked . | . . . . . . . . . . . . . . . . Robot Schematics Acquired . | . . . . . . . . . . . . . . . . Robots Built . | . . . . . . . . . . . . . . . . Authchips . | . . . . . . . . . . . . . . . . Time . | . . . . . . . . . . . . . . . . Total Robot Build Rating . | . . . . . . . . . . . . . . . . Part Schematics Acquired . | . . . . . . . . . . . . . . . . Parts Built . | . . . . . . . . . . . . . . . . Authchips . | . . . . . . . . . . . . . . . . Time . | . . . . . . . . . . . . . . . . Total Part Build Rating . | . . . . . . . . . . . . . . . . Parts Repaired . | . . . . . . . . . . . . . . . . Time . | . . . . . . . . . . . . . . . . Parts Recycled . | . . . . . . . . . . . . . . . . Recycled Matter . | . . . . . . . . . . . . . . . . Retrieved Matter . | . . . . . . . . . . . . . . . . Retrieved Components . | . . . . . . . . . . . . . . . . Parts Scanalyzed . | . . . . . . . . . . . . . . . . Part Schematics Acquired . | . . . . . . . . . . . . . . . . Parts Damaged . | . . . . . . . . . . . . . . . . Bothacking | -11 -10 -10 -10 -9 -8 -7 -7 -6 -6 -6 -5 -5 -4 -3 -2 ------------ Run | Yrd Mat Min Exi Min Mat Fac DSF Fac Low Low Fac DSF Fac Res Res Used RIF Installer . | . . . . . . . . . . . . . . . . Robots Hacked . | . . . . . . . . . . . . . . . . Non-combat . | . . . . . . . . . . . . . . . . Combat . | . . . . . . . . . . . . . . . . Robot Hacks Applied . | . . . . . . . . . . . . . . . . Relay Couplers Released . | . . . . . . . . . . . . . . . . Fabnet Peak Effective % . | . . . . . . . . . . . . . . . . Robots Rewired . | . . . . . . . . . . . . . . . . Allies Hacked . | . . . . . . . . . . . . . . . . Hacks Repelled . | . . . . . . . . . . . . . . . . Allies | -11 -10 -10 -10 -9 -8 -7 -7 -6 -6 -6 -5 -5 -4 -3 -2 -------- Run | Yrd Mat Min Exi Min Mat Fac DSF Fac Low Low Fac DSF Fac Res Res Total Allies 1 | . . . . . . . . . . . . . . 1 . Largest Group 1 | . . . . . . . . . . . . . . 1 . Highest-Rated Group 26 | . . . . . . . . . . . . . . 26 . Highest-Rated Ally 26 | . . . . . . . . . . . . . . 26 . Total Orders 1 | . . . . . . . . . . . . . . 1 . STAY 1 | . . . . . . . . . . . . . . 1 . Ally Attacks . | . . . . . . . . . . . . . . . . Total Damage . | . . . . . . . . . . . . . . . . Kills . | . . . . . . . . . . . . . . . . Allies Corrupted . | . . . . . . . . . . . . . . . . Allies Melted . | . . . . . . . . . . . . . . . . Intel | -11 -10 -10 -10 -9 -8 -7 -7 -6 -6 -6 -5 -5 -4 -3 -2 ------- Run | Yrd Mat Min Exi Min Mat Fac DSF Fac Low Low Fac DSF Fac Res Res Active Infowar (turns) 110 | . . . . . . . . . . . . . . 41 69 Sensors 110 | . . . . . . . . . . . . . . 41 69 Robot Analysis Total . | . . . . . . . . . . . . . . . . Derelict Logs Recovered 5 | . . 1 . 3 . . . . 1 . . . . . . Drone Launches . | . . . . . . . . . . . . . . . . Drone Recoveries . | . . . . . . . . . . . . . . . . Exploration | -11 -10 -10 -10 -9 -8 -7 -7 -6 -6 -6 -5 -5 -4 -3 -2 ------------- Run | Yrd Mat Min Exi Min Mat Fac DSF Fac Low Low Fac DSF Fac Res Res Turns Passed 2069 | 13 25 93 77 60 137 9 88 449 273 12 11 60 296 351 115 Spaces Moved 3294 | 21 49 133 154 119 243 17 73 516 539 24 20 95 576 490 225 Core 3294 | 21 49 133 154 119 243 17 73 516 539 24 20 95 576 490 225 Treads . | . . . . . . . . . . . . . . . . Legs . | . . . . . . . . . . . . . . . . Wheels . | . . . . . . . . . . . . . . . . Hover . | . . . . . . . . . . . . . . . . Flight . | . . . . . . . . . . . . . . . . Fastest Speed 50 | 50 50 50 50 50 50 50 50 50 50 50 50 50 50 50 50 Average Speed 52 | 50 50 50 50 50 50 50 115 50 50 50 50 50 50 56 50 Slowest Speed 250 | 50 50 50 50 50 50 50 150 50 50 50 50 50 50 250 50 Overloaded Moves . | . . . . . . . . . . . . . . . . Propulsion Burnouts . | . . . . . . . . . . . . . . . . Robots Hopped . | . . . . . . . . . . . . . . . . Potential Cave-ins . | . . . . . . . . . . . . . . . . Cave-ins Triggered . | . . . . . . . . . . . . . . . . Exploration Rate (%) 31 | 3 16 40 54 36 34 1 85 16 80 7 1 87 20 14 14 Regions Visited 15 Branch Regions 5 Pre-discovered Areas . | . . . . . . . . . . . . . . . . Known Exits Taken 4 | . . . . . 1 1 . . . . 1 . . 1 . Unknown Exits Taken 9 | 1 1 1 1 1 . . . 1 1 1 . . 1 . . Scrap Searched 3 | . . . . 1 . . . . 2 . . . . . . Spaces Dug 10 | . . . . . 1 . . 1 . . . . . 8 . Terrain Destroyed 10 | . . . . . 1 . . 1 . . . . . 8 . Melee 10 | . . . . . 1 . . 1 . . . . . 8 . Projectile . | . . . . . . . . . . . . . . . . AOE . | . . . . . . . . . . . . . . . . Terrain Rammed . | . . . . . . . . . . . . . . . . Walls Destroyed . | . . . . . . . . . . . . . . . . Machines Disabled . | . . . . . . . . . . . . . . . . Actions | -11 -10 -10 -10 -9 -8 -7 -7 -6 -6 -6 -5 -5 -4 -3 -2 --------- Run | Yrd Mat Min Exi Min Mat Fac DSF Fac Low Low Fac DSF Fac Res Res Total 3602 | 23 48 158 153 118 256 16 75 704 543 23 20 106 583 549 227 Wait 231 | . . 26 . . 9 . . 156 . . . . 6 33 1 Move 3279 | 20 48 132 153 118 242 16 72 515 538 23 19 94 575 489 225 Hop . | . . . . . . . . . . . . . . . . Pick Up 12 | 3 . . . . 1 . . 1 2 . 1 . . 4 . Fast Attach 8 | . . . . . . . 2 . . . . . . 6 . Attach 2 | . . . . . 1 . . 1 . . . . . . . Detach 2 | . . . . . . . . . . . . . . 2 . Swap . | . . . . . . . . . . . . . . . . Drop 9 | . . . . . . . 1 . 3 . . . . 5 . Fire . | . . . . . . . . . . . . . . . . Melee 12 | . . . . . 1 . . 1 . . . . . 10 . Ram 5 | . . . . . 2 . . . . . . . 2 . 1 Kick . | . . . . . . . . . . . . . . . . Crush . | . . . . . . . . . . . . . . . . Escape Stasis 42 | . . . . . . . . 30 . . . 12 . . . Rewire . | . . . . . . . . . . . . . . . . Trap . | . . . . . . . . . . . . . . . . Miscellaneous . | . . . . . . . . . . . . . . . . Route ------- -11/Scrapyard -10/Materials -10/Mines -10/Exiles -9/Mines -8/Materials (discovered 2 exits: *Fac x2) -7/Factory -7/DSF -6/Factory -6/Lower Caves -6/Lower Caves -5/Factory (discovered 2 exits: Fac / DSF) -5/DSF -4/Factory (discovered 4 exits: *Res / Upp x2 / Arm) -3/Research -2/Research History --------- Turn | Location | Event 9 | -11/Scrapyard | Discovered new exit (range 12) 14 | -11/Scrapyard | Entered Materials 35 | -10/Materials | Discovered new exit (range 8) 39 | -10/Materials | Entered Mines 105 | -10/Mines | Learned Materials emergency access door positions 130 | -10/Mines | Deemed a non-threat by the Exiles lab entrance 130 | -10/Mines | Discovered new exit (range 5) 132 | -10/Mines | Entered Exiles 146 | -10/Exiles | Met 8R-AWN 154 | -10/Exiles | Met EX-HEX 168 | -10/Exiles | Met EX-BIN 174 | -10/Exiles | Aligned with FarCom system 174 | -10/Exiles | Given EX-Vault access code 188 | -10/Exiles | Met EX-DEC 205 | -10/Exiles | Discovered new exit (range 10) 209 | -10/Exiles | Entered Mines 213 | -9/Mines | Assembled infested the area 226 | -9/Mines | Learned Materials stockpile data 235 | -9/Mines | Learned Materials terminal intel 242 | -9/Mines | Met a Derelict bent on vengeance 245 | -9/Mines | Learned location of 2 exits from Materials 265 | -9/Mines | Discovered new exit (range 9) 269 | -9/Mines | Entered Materials 269 | -8/Materials | Evolved 4 slots: Utility x4 270 | -8/Materials | Identified exit to Factory 273 | -8/Materials | Loaded intel: 12 terminal locations 305 | -8/Materials | Build established: Mutant 406 | -8/Materials | Entered Factory 406 | -7/Factory | Evolved 2 slots: Utility x2 415 | -7/Factory | Identified exit to DSF 415 | -7/Factory | Entered DSF 473 | -7/DSF | Additional patrols routed to DSF 485 | -7/DSF | Core integrity fell below 50% 497 | -7/DSF | Discovered new exit (range 13) 503 | -7/DSF | Entered Factory 503 | -6/Factory | Evolved 2 slots: Utility x2 947 | -6/Factory | Discovered new exit (range 9) 952 | -6/Factory | Entered Lower Caves 974 | -6/Lower Caves | Spotted B-75 Beast 1142 | -6/Lower Caves | Learned location of 1 exit from Factory 1157 | -6/Lower Caves | Encountered a Warlord checkpoint 1220 | -6/Lower Caves | Discovered new exit (range 12) 1225 | -6/Lower Caves | Entered another Lower Caves area 1235 | -6/Lower Caves | Discovered new exit (range 6) 1237 | -6/Lower Caves | Entered Factory 1237 | -5/Factory | Evolved 2 slots: Utility x2 1238 | -5/Factory | Identified exit to Factory 1248 | -5/Factory | Identified exit to DSF 1248 | -5/Factory | Entered DSF 1277 | -5/DSF | Additional patrols routed to DSF 1280 | -5/DSF | Discovered exit to Factory (range 16) 1293 | -5/DSF | Core integrity fell below 50% 1301 | -5/DSF | Core integrity fell below 20% 1308 | -5/DSF | Entered Factory 1308 | -4/Factory | Evolved 2 slots: Utility x2 1490 | -4/Factory | Identified exit to Upper Caves 1490 | -4/Factory | Identified exit to Armory 1588 | -4/Factory | Discovered new exit (range 16) 1603 | -4/Factory | Core integrity fell below 50% 1604 | -4/Factory | Entered Research 1604 | -3/Research | Evolved 2 slots: Utility x2 1741 | -3/Research | Spotted B-86 Titan 1861 | -3/Research | Discovered new exit (range 10) 1954 | -3/Research | Identified exit to Research 1955 | -3/Research | Entered another Research area 1955 | -2/Research | Evolved 2 slots: Utility x2 1975 | -2/Research | Allied Derelicts emerged from ambush trap array 2052 | -2/Research | Core integrity fell below 50% 2063 | -2/Research | Core integrity fell below 20% 2070 | -2/Research | Destroyed by S-43 Plague with Heavy Machine Gun Last Messages --------------- 02046_ Slug penetrates Wall. 02049_ Penetrated by Slug. 02053_ P-80 Master resets W-44 Eye, system corruption cleaned. 02054_ Slammed into U-05 Engineer. 02054_ ALERT: Construction progress impeded, dispatching reinforcements to local area. 02056_ Triggered Blade Trap. 02056_ Massive razor-sharp blades shoot up from within the floor. 02056_ Adv. Signal Interpreter severed. 02066_ S-43 Plague suffers critical hit (Destroy). 02066_ Knocked back. 02067_ Acquired 4 matter. 02068_ O-24 Administrator: "IFF HANDSHAKE FAILED. SECURING TERMINAL." 02070_ ALERT: Potential suspicious activity detected, Programmers report to Research Zone 3X. Map ----- +----------------------------------------------------+ | ?????????????????????????????????????????????????? | | ?????????????????????????????????????????????????? | | ?????????????????????????????????????????????????? | | ?????????????????????????????????????????????????? | | ?????????????????????????????????????????????????? | | ?????????????????????????????????????????????????? | | ?????????????????????????????????????????????????? | | ?????????????????????????????????????????????????? | | ?????????????????????????????????????????????????? | | ?????????????????????????????????????????????????? | | ?????????????????????????????????????????????????? | | ?????????????????????????????????????????????????? | | ?????????????????????????????????????????????????? | | ?????????????????????????????????????????????????? | | ?????????????????????????????????????????????????? | | ?????????????????????????????????????????????????? | | ?????????????????????????????????????????????????? | | ?????????????????????????????????????????????????? | | ????????????????#????????????????????????????????? | | ????????????????# ????????????????????????+??????? | | ????????????????? ?????????????????????? #??????? | | ?????????????????? ??????????????????? #??????? | | ???????????????????? ????????????????? ##?????? | | ?????????????+######+#;###########+### #?????? | | ?????????? #?????? | | ?????????? @ s H #?????? | | ?????????? o u ss k #?????? | | ????????????#+################# #### #?????? | | ????????????????????????#######s ##########?????? | | ???????????????????????? #s # #???????? | | ???????????????????????? # + #???????? | | ???????????????????????? # s # #???????? | | ????????????????????????"" # ss# ! #???????? | | ?????????????????????????" #s #? #???????? | | ?????????????????????????" #p #?? ?#???????? | | ?????????????????????????? ?# #???###????????? | | ?????????????????????????? ?#s #??????????????? | | ???????????????????????####+### #??????????????? | | ???????????????????????# #??????????????? | | ???????????????????????# #??????????????? | | ???????????????????????# #??????????????? | | ???????????????????????# Y########??????????????? | | ???????????????????????# p#?????????????????????? | | ???????????????????????# #?????????????????????? | | ???????????????????????# #?????????????????????? | | ?????????????#######???# #?????????????????????? | | ?????????????# ??# #?????????????????????? | | ?????????????# ?## ##????????????????????? | | ?????????????# # [ #????????????????????? | | ?????????????#! # #????????????????????? | +----------------------------------------------------+ Best States ------------- Heat Dissipation 49 Energy Generation 15 Energy Capacity 150 Matter Stores 300 Matter Capacity 300 Sight Range 16 Robot Scan Range 16 Terrain Scan Density 10 Armor Coverage 225 Evasion (%) 50 Item Schematics ----------------- None Robot Schematics ------------------ None Fabricated ------------ Nothing Repaired ---------- Nothing Alien Tech Used ----------------- None Achievements -------------- Streaker Challenges ------------ None Game ------ Seed ElectronThermalChargecaster Manual? 0 Play Time 00:29:21 Cumulative 54.6 hours Start 2025.08.06 @ 15:45:05 End 2025.08.06 @ 16:16:45 Sessions 1 Manual Loads 0 Difficulty Rogue Special Mode None Game No. 45 Rogue 15 Adventurer 30 Explorer 0 Win Type - Total 2 Types 2/0/0/0/0/0/0/0/0/0 Lore% 34 Gallery% 45 Achievement% 44 Wizard Run 0 Options --------- Layout 1 ASCII 1 Keyboard 0 Movement Mouse Keybinds 0 Fullscreen 1 Font 24/X11 Map View 50x35 Zoom Use 0% Tactical HUD 1 Map Filters NONE Filters NONE Steam 1 RUN: fd058e83-473a-45ba-8d0d-bc4333df906c